 Dungeon Crawl Stone Soup version 0.27.1-15-g792fb953b9 (webtiles) character file.

Game seed: 5001409027938338653

5362 Findor the Quickloader (level 10, -4/85 HPs)
             Began as a Gnoll Wanderer on Nov 19, 2021.
             Was a Believer of Ashenzari.
             Slain by a manticore (11 damage)
             ... on level 8 of the Dungeon on Nov 20, 2021.
             The game lasted 00:26:40 (12121 turns).

Findor the Quickloader (Gnoll Wanderer)            Turns: 12121, Time: 00:26:40

Health: -4/85      AC: 17    Str: 16    XL:     10   Next: 65%
Magic:  20/20      EV:  8    Int: 11    God:    Ashenzari [**....]
Gold:   695        SH:  0    Dex: 11    Spells: 22/22 levels left

rFire    + . .     SeeInvis +   b - +0 dagger (venom)
rCold    + . .     Faith    .   (no shield)
rNeg     + . .     Spirit   .   o - +0 chain mail
rPois    .         Reflect  .   p - +0 helmet
rElec    +         Harm     .   (no cloak)
rCorr    .         Rampage  ∞   c - +0 pair of gloves "Prescient Fetters" {Elem, Bglg} (curse)
Will     +....                  A - +3 pair of seven-league boots {Rampage+∞, Comp, Evo} (curse)
Stlth    ..........             (no amulet)
HPRegen  0.24/turn              z - ring "Wuuh" {*Corrode rF+ rC+ Will+}
MPRegen  0.17/turn              m - ring "Bound With Me" {rElec rN+, Alch, Self} (curse)

@: confused, ambrosia-drunk, spiked
A: fangs 1, strong nose, distributed training
a: Renounce Religion, Shatter the Chains


You were on level 8 of the Dungeon.
You worshipped Ashenzari.
Ashenzari was pleased with you.
You visited 2 branches of the dungeon, and saw 9 of its levels.

You collected 1220 gold pieces.
You spent 525 gold pieces at shops.


Innate Abilities, Weirdness & Mutations

You have very sharp teeth.
Your uncanny sense of smell can sniff out nearby items.
Your experience applies equally to all skills.


   Skills:
 + Level 8.6(10.1) Fighting
 + Level 5.4 Short Blades
 + Level 5.4 Long Blades
 + Level 5.4 Axes
 + Level 5.4 Maces & Flails
 + Level 5.4 Polearms
 + Level 5.4 Staves
 + Level 5.4 Slings
 + Level 5.4 Bows
 + Level 10.1 Crossbows
 + Level 5.4 Throwing
 + Level 6.1 Armour
 + Level 5.4 Dodging
 + Level 6.0 Stealth
 + Level 6.1 Shields
 + Level 5.4 Unarmed Combat
 + Level 5.4(6.9) Spellcasting
 + Level 4.5(5.9) Conjurations
 + Level 4.5(5.9) Hexes
 + Level 4.5(5.9) Summonings
 + Level 4.5(5.9) Necromancy
 + Level 4.5(5.9) Translocations
 + Level 4.5(5.9) Transmutations
 + Level 4.5(5.9) Fire Magic
 + Level 4.5(5.9) Ice Magic
 + Level 4.5(5.9) Air Magic
 + Level 4.5(5.9) Earth Magic
 + Level 4.5(5.9) Poison Magic
 + Level 6.0 Invocations
 + Level 5.4(6.9) Evocations


You had 22 spell levels left.
You didn't know any spells.
Your spell library contained the following spells:

 Spells                   Type           Power      Damage    Failure   Level
 Corpse Rot               Necr/Air       N/A        N/A       32%         2
 Stone Arrow              Conj/Erth      32%        3d9       54%         3
 Animate Armour           Summ/Erth      32%        N/A       91%         4
 Dispel Undead            Necr           16%        3d10      91%         4
 Death Channel            Necr           8%         N/A       100%        6
 Lehudib's Crystal Spear  Conj/Erth      8%         10d3      100%        8

Inventory:

Hand Weapons
 a - a +2 hand crossbow
 b - a +0 dagger of venom (weapon)
   (You found it on level 4 of the Dungeon)
 h - a +4 flail of freezing
   (You took it off a wight on level 7 of the Dungeon)
Missiles
 e - a bolt
 i - 11 poisoned darts (quivered)
 y - 7 curare-tipped darts
Armour
 c - the cursed +0 pair of gloves "Prescient Fetters" (worn) {Elem, Bglg}
   (You found it on level 4 of the Dungeon)

   It has a curse which improves the following skills: Elements: Fire Magic, Ice
   Magic, Air Magic and Earth Magic.
   Beguiling: Conjurations, Hexes and Translocations.
 l - the +1 ring mail of Evoesus {Harm +Inv}
   (You found it on level 5 of the Dungeon)

   +Inv:      It lets you turn invisible.
   Harm:      It increases damage dealt and taken.
 o - a +0 chain mail (worn)
   (You found it on level 1 of the Dungeon)
 p - a +0 helmet (worn)
   (You found it on level 5 of the Dungeon)
 w - a +1 leather armour of poison resistance
   (You found it on level 6 of the Dungeon)
 A - the cursed +3 pair of seven-league boots (worn) {Rampage+∞, Comp, Evo}
   (You acquired it on level 4 of the Dungeon)

   Its wearer moves as far as possible in that direction when moving towards
   enemies.
   It has a curse which improves the following skills: Companions: Summonings
   and Necromancy.
   Evocations: Evocations.
Jewellery
 m - the cursed ring "Bound With Me" (right hand) {rElec rN+, Alch, Self}
   (You acquired it on level 8 of the Dungeon)

   [ring of positive energy]

   rElec:     It insulates you from electricity.
   rN:        It protects you from negative energy.
   It has a curse which improves the following skills: Alchemy: Poison Magic and
   Transmutations.
   Introspection: Fighting and Spellcasting.
 z - the ring "Wuuh" (left hand) {*Corrode rF+ rC+ Will+}
   (You bought it in a shop on level 7 of the Dungeon)

   [ring of willpower]

   rF:        It protects you from fire.
   rC:        It protects you from cold.
   *Corrode:  It may corrode you when you take damage.
   Will:      It increases your willpower.
Wands
 d - a wand of iceblast (10)
   (You took it off a wight on level 7 of the Dungeon)
 v - a wand of digging (2)
   (You found it on level 7 of the Dungeon)
Scrolls
 g - 2 scrolls of torment {!r}
 j - 5 scrolls of identify {@r1}
 k - 3 scrolls of teleportation {@r4}
 n - a scroll of silence
 q - a scroll of magic mapping
 r - 2 scrolls of fear
 t - a scroll of vulnerability {!r}
 u - a scroll of amnesia
Potions
 f - a potion of haste {@q3}
 s - a potion of ambrosia


Message History

The barbed spikes become lodged in your body.
You shoot a bolt. The bolt hits the manticore.
Ashenzari invites you to partake of a vision and a curse of alchemy and introspection.
Your ring "Kyazum" {rElec rN+} glows black for a moment.
Ashenzari will now reveal the unseen.
Fire: 3 bolts
Press: ? - help, Q - select action, (/) - cycle Shift-Dir - straight line, f/p - manticore
Aim: a manticore (lightly wounded, 79% to hit)
You shoot a bolt. The bolt barely misses the manticore.
Fire: 2 bolts
Press: ? - help, Q - select action, (/) - cycle Shift-Dir - straight line, f/p - manticore
Aim: a manticore (lightly wounded, 79% to hit)
You shoot a bolt. The bolt barely misses the manticore.
The manticore barely misses you.
The manticore claws you but does no damage. x2
Your +0 dagger of venom begins to drip with poison!
b - a +0 dagger of venom (weapon)
You hit the manticore but do no damage.
The manticore is poisoned.
The manticore bites you but does no damage.
The manticore claws you. The manticore claws you!
You barely miss the manticore. The manticore bites you.
* * * LOW HITPOINT WARNING * * *
The manticore claws you!
* * * LOW HITPOINT WARNING * * *
The manticore claws you but does no damage.
Unknown command.
Unknown command.
Unknown command.
You hit the manticore.
The manticore looks as sick as possible!
The manticore bites you.
* * * LOW HITPOINT WARNING * * *
The manticore claws you.
* * * LOW HITPOINT WARNING * * *
The manticore claws you.
* * * LOW HITPOINT WARNING * * *
Unknown command.
Unknown command.
You hit the manticore but do no damage.
The manticore looks as sick as possible!
You bite the manticore, but do no damage.
You closely miss the manticore. The manticore bites you!
* * * LOW HITPOINT WARNING * * *
The manticore closely misses you. The manticore claws you!
* * * LOW HITPOINT WARNING * * *
Unknown command.
Okay, then.
You are confused.
You feel invigorated. The manticore bites you!
You die...

#### #...#. #....$. ##
....... ##. ......(
..##....<.( ∆ #......(...
##.####.@H...>.(.
.........####..#
.<.####.## ..#
#......####.#
####...##...#
##......###.#
#..###......#
####.###.....############
#.....##.##.## #........


You could see a manticore (extremely poisoned).

Vanquished Creatures
  A komodo dragon (D:7)
  Grinder (D:6)
  Sigmund (D:2)
  8 yaks
  A steam dragon (D:6)
  Duvessa (D:6)
  3 water moccasins
  2 sky beasts
  An ice beast (D:6)
  2 orc warriors (D:6)
  3 black bears
  A necrophage (D:5)
  A centaur (D:6)
  2 ogres
  A phantom (D:4)
  3 bullfrogs
  3 scorpions
  2 gnoll sergeants (D:8)
  Dowan (D:6)
  A water moccasin skeleton (D:4)
  7 wights
  4 hounds
  2 bullfrog zombies
  4 orc priests
  2 jellies
  A bullfrog skeleton (D:4)
  A centaur skeleton (D:6)
  Natasha (twice) (D:2)
  5 iguanas
  4 orc wizards
  A killer bee zombie (D:5)
  A hound zombie (D:5)
  12 gnolls
  8 adders
  A shadow imp (D:6)
  2 white imps
  3 ufetubi
  2 adder skeletons
  3 worms
  4 dart slugs
  11 orcs
  5 bats
  6 endoplasms
  6 giant cockroaches
  10 goblins
  8 hobgoblins
  9 kobolds
  A quokka (D:2)
  5 ball pythons
  6 frilled lizards
  8 rats
183 creatures vanquished.

Vanquished Creatures (others)
  5 plants (D:7)
5 creatures vanquished.

Grand Total: 188 creatures vanquished

Notes
Turn   | Place    | Note
-------+----------+-------------------------------------------
     0 | D:1      | Findor the Gnoll Wanderer began the quest for the Orb.
     0 | D:1      | Findor set off with the following items: a +2 hand
                  | crossbow, 24 bolts, 2 potions of curing {@q1}, a +0 robe
     0 | D:1      | Reached XP level 1. HP: 23/23 MP: 1/1
   109 | D:1      | Reached XP level 2. HP: 17/29 MP: 2/2
   501 | D:1      | Reached XP level 3. HP: 33/35 MP: 3/3
   783 | D:1      | Found a faded altar of an unknown god.
   801 | D:1      | Became a worshipper of Elyvilon the Healer
   801 | D:1      | Reached * piety under Elyvilon
   892 | D:2      | Reached skill level 1 in Invocations
   907 | D:2      | Reached skill level 1 in Short Blades
   907 | D:2      | Reached skill level 1 in Long Blades
   907 | D:2      | Reached skill level 1 in Axes
   907 | D:2      | Reached skill level 1 in Maces & Flails
   907 | D:2      | Reached skill level 1 in Polearms
   907 | D:2      | Reached skill level 1 in Staves
   907 | D:2      | Reached skill level 1 in Slings
   907 | D:2      | Reached skill level 1 in Bows
   907 | D:2      | Reached skill level 1 in Throwing
   907 | D:2      | Reached skill level 1 in Dodging
   907 | D:2      | Reached skill level 1 in Unarmed Combat
   907 | D:2      | Reached skill level 1 in Spellcasting
   907 | D:2      | Reached skill level 1 in Evocations
  1142 | D:2      | Reached XP level 4. HP: 41/41 MP: 5/5
  1143 | D:2      | Noticed Natasha
  1146 | D:2      | Killed Natasha
  1193 | D:2      | Reached skill level 1 in Conjurations
  1193 | D:2      | Reached skill level 1 in Hexes
  1193 | D:2      | Reached skill level 1 in Summonings
  1193 | D:2      | Reached skill level 1 in Necromancy
  1193 | D:2      | Reached skill level 1 in Translocations
  1193 | D:2      | Reached skill level 1 in Transmutations
  1193 | D:2      | Reached skill level 1 in Fire Magic
  1193 | D:2      | Reached skill level 1 in Ice Magic
  1193 | D:2      | Reached skill level 1 in Air Magic
  1193 | D:2      | Reached skill level 1 in Earth Magic
  1193 | D:2      | Reached skill level 1 in Poison Magic
  1338 | D:2      | Found a runed translucent door.
  1339 | D:2      | Noticed Crazy Yiuf
  1391 | D:2      | Reached ** piety under Elyvilon
  1459 | D:2      | Noticed Natasha
  1463 | D:2      | Killed Natasha
  1464 | D:2      | Reached XP level 5. HP: 38/47 MP: 5/7
  1549 | D:2      | Noticed Sigmund
  1557 | D:2      | Killed Sigmund
  1558 | D:2      | Reached skill level 3 in Armour
  1558 | D:2      | Reached skill level 3 in Stealth
  1558 | D:2      | Reached skill level 3 in Shields
  1558 | D:2      | Reached XP level 6. HP: 53/53 MP: 8/8
  1605 | D:2      | Found a hide-covered altar of Uskayaw.
  2945 | D:3      | Found a shadowy altar of Dithmenos.
  3009 | D:3      | Found a radiant altar of Vehumet.
  3391 | D:4      | Noticed a black bear
  3409 | D:4      | HP: 10/53 [black bear (3)]
  3410 | D:4      | Killed a black bear
  3840 | D:4      | Reached XP level 7. HP: 58/59 MP: 10/10
  3944 | D:4      | Found a bloodstained altar of Trog.
  4061 | D:4      | Noticed a yak
  4062 | D:4      | Noticed a yak
  4062 | D:4      | Noticed a yak
  4063 | D:4      | Noticed a yak
  4083 | D:4      | HP: 8/60 [yak (5)]
  4100 | D:4      | HP: 7/60 [yak (13)]
  4103 | D:4      | Killed a yak
  4104 | D:4      | Reached skill level 9 in Crossbows
  4105 | D:4      | Killed a yak
  4106 | D:4      | Reached skill level 3 in Invocations
  4106 | D:4      | Reached XP level 8. HP: 9/67 MP: 10/12
  4482 | D:4      | Killed a yak
  4483 | D:4      | Reached skill level 3 in Short Blades
  4483 | D:4      | Reached skill level 3 in Long Blades
  4483 | D:4      | Reached skill level 3 in Axes
  4483 | D:4      | Reached skill level 3 in Maces & Flails
  4483 | D:4      | Reached skill level 3 in Polearms
  4483 | D:4      | Reached skill level 3 in Staves
  4483 | D:4      | Reached skill level 3 in Slings
  4483 | D:4      | Reached skill level 3 in Bows
  4483 | D:4      | Reached skill level 3 in Throwing
  4483 | D:4      | Reached skill level 3 in Dodging
  4483 | D:4      | Reached skill level 3 in Unarmed Combat
  4483 | D:4      | Reached skill level 3 in Spellcasting
  4483 | D:4      | Reached skill level 3 in Evocations
  4497 | D:4      | Killed a yak
  4650 | D:4      | Acquired 840 gold pieces
  4652 | D:4      | Acquired the +3 pair of seven-league boots {Rampage+∞}
  4652 | D:4      | Found the +3 pair of seven-league boots {Rampage+∞}
  5211 | D:5      | Entered Level 5 of the Dungeon
  5212 | D:5      | Reached *** piety under Elyvilon
  5765 | D:5      | HP: 10/67 [black bear (4)]
  6092 | D:4      | Reached skill level 3 in Conjurations
  6092 | D:4      | Reached skill level 3 in Hexes
  6092 | D:4      | Reached skill level 3 in Summonings
  6092 | D:4      | Reached skill level 3 in Necromancy
  6092 | D:4      | Reached skill level 3 in Translocations
  6092 | D:4      | Reached skill level 3 in Transmutations
  6092 | D:4      | Reached skill level 3 in Fire Magic
  6092 | D:4      | Reached skill level 3 in Ice Magic
  6092 | D:4      | Reached skill level 3 in Air Magic
  6092 | D:4      | Reached skill level 3 in Earth Magic
  6092 | D:4      | Reached skill level 3 in Poison Magic
  6154 | D:5      | Identified the +1 ring mail of Evoesus {Harm +Inv}
  6216 | D:5      | Reached XP level 9. HP: 67/73 MP: 14/14
  6354 | D:5      | Found a staircase to the Ecumenical Temple.
  6374 | Temple   | Entered the Ecumenical Temple
  6465 | Temple   | Fell from the grace of Elyvilon
  6465 | Temple   | Became a worshipper of Ashenzari the Shackled
  7319 | D:6      | Found a hazy altar of Hepliaklqana.
  7428 | D:6      | Found a transporter.
  7637 | D:6      | Noticed Grinder
  7641 | D:6      | Paralysed by Grinder for 2 turns
  7645 | D:6      | Killed Grinder
  7697 | D:6      | Noticed Duvessa
  7706 | D:6      | Noticed Dowan
  7917 | D:6      | Noticed a kobold demonologist
  7942 | D:6      | Killed Duvessa
  7957 | D:6      | Noticed a kobold demonologist
  8020 | D:6      | Found a transporter.
  8182 | D:6      | Found a transporter.
  8238 | D:6      | Killed Dowan
  8463 | D:6      | Found a transporter.
  8680 | D:6      | Found a hazy altar of Hepliaklqana.
  9002 | D:7      | Reached XP level 10. HP: 80/80 MP: 17/17
  9830 | D:7      | Reached * piety under Ashenzari
  9922 | D:7      | Found Sitwisym's Jewellery Shop.
  9965 | D:7      | Reached skill level 10 in Crossbows
 10161 | D:7      | Bought the ring "Wuuh" {*Corrode rF+ rC+ Will+} for 525
                  | gold pieces
 10518 | D:6      | Reached skill level 6 in Armour
 10518 | D:6      | Reached skill level 6 in Shields
 10691 | D:7      | Found a burning altar of Makhleb.
 11036 | D:7      | HP: 9/74 [orc warrior (14)]
 11559 | D:8      | Acquired the ring "Kyazum" {rElec rN+}
 11627 | D:8      | Reached skill level 6 in Stealth
 11816 | D:8      | Reached skill level 6 in Invocations
 12104 | D:8      | Noticed a manticore
 12112 | D:8      | Reached ** piety under Ashenzari
 12120 | D:8      | HP: 12/85 [manticore (12)]
 12120 | D:8      | HP: 2/85 [manticore (10)]
 12121 | D:8      | Slain by a manticore

Levels and vault maps discovered:
D:1:      sevenhm_arrival_forest_fort_small_1, layout_basic,
          hellmonk_ecumenical_altar_inner_sanctum
D:2:      layout_loops_cross, basic_altar, st_stairs_10, uniq_natasha,
          uniq_sigmund, uniq_crazy_yiuf_cottage
D:3:      layout_loops_corners, mainiacjoe_overflow_catch_the_wave
D:4:      layout_loops_ring, trog_book
D:5:      layout_cave_pools, minmay_temple_entry_trees, roderic_roman_lattice,
          minmay_fractal_squares_diagonal_5
D:6:      gammafunk_wand_slinger, layout_basic, nzn_hepliaklqana_mist_gate,
          uniq_grinder, uniq_duvessa
D:7:      layout_loops_ring, mainiacjoe_overflow_alcove_1, serial_shops, shop,
          minmay_lizard_king
D:8:      layout_rooms
Temple:   jpeg_temple_clearing

Action                   |  1- 3 |  4- 6 |  7- 9 | 10-12 || total
-------------------------+-------+-------+-------+-------++-------
Melee: Dagger            |    28 |       |   367 |   319 ||   714
       Bite              |     4 |     2 |    60 |    40 ||   106
       Short sword       |       |   111 |    32 |       ||   143
       Punch             |       |       |    10 |    10 ||    20
       Hand crossbow     |       |       |     1 |       ||     1
       Flail             |       |       |       |    16 ||    16
 Fire: Hand crossbow     |    53 |    38 |   113 |    31 ||   235
Throw: Dart              |       |       |       |     1 ||     1
Invok: Lesser Healing    |       |       |     3 |       ||     3
       Curse Item        |       |       |     1 |     2 ||     3
  Use: Potion            |       |     1 |     6 |     5 ||    12
       Scroll            |       |       |     3 |     2 ||     5
 Stab: Sleeping          |       |     3 |     1 |       ||     4
Armor: Robe              |    12 |     6 |       |       ||    18
       Chain mail        |       |    48 |   355 |   169 ||   572
Dodge: Dodged            |    30 |    48 |   171 |   123 ||   372
